 Dungeon Crawl Stone Soup version 0.26-a0-712-ga5a9c9c9d0 (webtiles) character file.

Game seed: 10523983569629155301

119 Inarius the Chopper (level 4, 0/40 HPs)
             Began as a Draconian Chaos Knight on Nov 1, 2020.
             Was a Plaything of Xom.
             Killed from afar by an electric eel (14 damage)
             ... with a bolt of electricity
             ... on level 3 of the Dungeon.
             The game lasted 00:03:22 (3280 turns).

Inarius the Chopper (Draconian Chaos Knight)        Turns: 3280, Time: 00:03:23

Health: 0/40       AC:  6    Str: 15      XL:     4   Next: 74%
Magic:  4/4        EV: 12    Int: 15      God:    Xom [*.....]
Gold:   223        SH:  0    Dex:  7 (10) Spells: 3/3 levels left

rFire    . . .     SeeInvis .   a - +0 hand axe (chaos)
rCold    . . .     Faith    .   (no shield)
rNeg     . . .     Spirit   .   (armour unavailable)
rPois    .         Reflect  .   (helmet restricted)
rElec    .         Harm     .   (no cloak)
rCorr    .         Rampage  .   (no gloves)
MR       .....                  f - +0 pair of boots
Stlth    +.........             (no amulet)
HPRegen  0.13/turn              m - ring of stealth
MPRegen  0.09/turn              (no ring)

@: very slow
A: unfitting armour, clever 1, wild magic 1, cold-blooded, AC +5
a: Renounce Religion


You were on level 3 of the Dungeon.
You worshipped Xom.
You were a special plaything of Xom.
You visited 1 branch of the dungeon, and saw 3 of its levels.

You collected 223 gold pieces.

Inventory:

Hand Weapons
 a - a +0 hand axe of chaos (weapon)
Missiles
 r - a throwing net (quivered)
Armour
 f - a +0 pair of boots (worn)
Jewellery
 m - a ring of stealth (left hand)
Scrolls
 b - a scroll of identify {unknown}
 d - 2 scrolls of remove curse {unknown}
 g - a scroll of noise {unknown}
 k - a scroll of teleportation {unknown}
 n - 3 scrolls of amnesia {unknown}
 o - 2 scrolls of immolation {unknown}
 q - a scroll of fog {unknown}
 s - a scroll of blinking {unknown}
 t - a scroll of enchant armour {unknown}
Potions
 e - a potion of flight
 h - a potion of ambrosia {unknown}
 i - a potion of might {unknown}
 j - a potion of mutation {unknown}
 l - a potion of berserk rage {unknown}


   Skills:
 + Level 3.8 Fighting
 * Level 4.9 Axes
 + Level 2.6 Dodging


You had 3 spell levels left.
You didn't know any spells.
Your spell library was empty.

Dungeon Overview and Level Annotations

Branches:
Dungeon (3/15)

Altars:
Ashenzari

Annotations:
D:3 Grinder


Innate Abilities, Weirdness & Mutations

Your plain brown scales are hard. (AC +5)
You cannot fit into any form of body armour.
You are cold-blooded and may be slowed by cold attacks.
Your mind is acute. (Int +2)
Your spells are a little harder to cast, but a little more powerful.


Message History

The adder hisses angrily.
An adder comes into view.
The adder closely misses you.
The adder moves out of view.
You miss the adder. The adder misses you. The adder closely misses you.
Your unstable footing causes you to fumble your attack.
The adder bites you but does no damage.
You closely miss the adder.
Your tail-slap misses the adder.
Xom's power touches on a nearby monster.
The adder evaporates and reforms as an electric eel!
You hit the electric eel.
The electric eel is moderately wounded.
The electric eel shoots out a bolt of lightning at you!
The bolt of electricity hits you! x2
You hear an angry hiss.
You barely miss the electric eel.
The electric eel is moderately wounded.
The electric eel shoots out a bolt of lightning at you!
The bolt of electricity hits you! x2
You die...
Xom cackles wildly!

#### ... # ... .# #'# #.#
#S;♣# ≈'. ♣@♣#♣≈#. #♣≈♣≈♣
#. ♣≈≈†♣ ♣#.#########
#.##♣≈♣≈♣# ≈#..........
#..#≈♣#♣≈♣♣≈# #........
#..'≈ #♣≈≈♣ #........
#####..# ##'####........
#......######....##........
##
#..........##..####........


You could see an electric eel and an adder.

Vanquished Creatures
  A gnoll (D:1)
  3 adders
  An ooze (D:1)
  An adder skeleton (D:3)
  2 dart slugs
  2 leopard geckos
  An orc (D:3)
  11 bats
  5 giant cockroaches
  7 goblins
  6 hobgoblins
  6 jackals
  A quokka (D:2)
  A ball python (D:3)
  4 frilled lizards
  6 kobolds
  11 rats
69 creatures vanquished.

Notes
Turn   | Place    | Note
-------+----------+-------------------------------------------
     0 | D:1      | Inarius the Draconian Chaos Knight began the quest for the
                  | Orb.
     0 | D:1      | Reached XP level 1. HP: 19/19 MP: 1/1
    62 | D:1      | XOM: silly message
   184 | D:1      | XOM: silly message
   597 | D:1      | Reached XP level 2. HP: 26/26 MP: 2/2
   798 | D:1      | XOM: silly message
  1016 | D:1      | XOM: divination: magic mapping
  1056 | D:1      | Reached XP level 3. HP: 22/31 MP: 3/3
  1354 | D:2      | Reached skill level 4 in Axes
  1532 | D:2      | Reached XP level 4. HP: 24/40 MP: 4/4
  2073 | D:3      | XOM: stealth player
  2077 | D:3      | XOM: silly message
  2140 | D:3      | Found a broken altar of Ashenzari.
  2156 | D:3      | XOM: noise
  2478 | D:3      | XOM: silly message
  2556 | D:3      | XOM: divination: detect creatures
  2718 | D:3      | XOM: summons 3 hostile demons
  2868 | D:3      | Noticed Grinder
  2871 | D:3      | Paralysed by Grinder for 5 turns
  2876 | D:3      | XOM: enchant monster (good)
  2877 | D:3      | XOM: potion effect (stabbing)
  2892 | D:3      | XOM: confuse monster(s)
  2900 | D:3      | Noticed Grinder
  2900 | D:3      | Grinder changed into Grinder the lemure
  2900 | D:3      | XOM: polymorph Grinder -> Grinder the lemure
  2925 | D:3      | XOM: noise
  2926 | D:3      | XOM: stat loss: -1 Dex (8/10)
  2940 | D:3      | XOM: torment (8/40 hp)
  2943 | D:3      | XOM: give mutations
  2943 | D:3      | Gained mutation: Your spells are a little harder to cast,
                  | but a little more powerful. [Xom's mischief]
  2943 | D:3      | Gained mutation: Your mind is acute. (Int +2) [Xom's
                  | mischief]
  2943 | D:3      | Gained mutation: Scrolls take you a little longer to read.
                  | [Xom's mischief]
  2943 | D:3      | Lost mutation: Scrolls take you a little longer to read.
                  | [Xom's mischief]
  2953 | D:3      | Noticed Grinder
  2953 | D:3      | Grinder the lemure changed into Grinder the chaos spawn
  2953 | D:3      | XOM: polymorph Grinder the lemure -> Grinder the chaos
                  | spawn
  3072 | D:2      | XOM: stat loss: -1 Dex (7/10)
  3191 | D:3      | XOM: silly message
  3278 | D:3      | XOM: polymorph adder -> electric eel
  3280 | D:3      | Killed from afar by an electric eel

Illustrated notes

Levels and vault maps discovered:
D:1:      co_arrival_square_in_a_square_in_a_square, layout_basic,
          corexii_hall_statues_u, palyth_stone_intersect, minmay_pentomino_r2
D:2:      layout_loops_cross
D:3:      layout_rooms, ashenzari_altar_1, saegor_snake_ambush, uniq_grinder

Skill      XL: |  1  2  3 |
---------------+----------+-----
Axes           | 4 |  4.9
Fighting       | |  3.8
Dodging        | |  2.6

Action                   |  1- 3 |  4- 6 || total
-------------------------+-------+-------++-------
Melee: Hand axe          |   111 |   118 ||   229
       Tailslap          |     9 |     5 ||    14
  Use: Potion            |       |     3 ||     3
 Stab: Sleeping          |     1 |     8 ||     9
       Petrifying        |     1 |     1 ||     2
       Paralysed         |     1 |     1 ||     2
       Petrified         |       |     4 ||     4
Armor: Skin              |    37 |    45 ||    82
Dodge: Dodged            |    94 |    92 ||   186

Table legend: (Time is in decaauts)
 A = Elapsed time spent in this place.
 B = Non-inter-level travel time spent in this place.
 C = Inter-level travel time spent in this place.
 D = Time resting spent in this place.
 E = Time spent auto-exploring this place.
 F = Levels seen in this place.
 G = Mean time per level.
                   A        B        C        D        E       F      G
               +--------+--------+--------+--------+--------+-----+--------+
         Total |   3309 |   3218 |     91 |    726 |   1811 |   3 | 1103.0 |
       Dungeon |   3309 |   3218 |     91 |    726 |   1811 |   3 | 1103.0 |
               +--------+--------+--------+--------+--------+-----+--------+

Top non-repeatable levels by time:
     D:1: 1360 daAuts
     D:2: 1254 daAuts
     D:3: 694 daAuts
